 Dungeon Crawl Stone Soup version 0.23.2-33-g5129a83184 (webtiles) character file.

Game seed: 1113935737294251821

791 kae the Spear-Bearer (level 7, -3/55 HPs)
             Began as a Merfolk Gladiator on July 25, 2019.
             Was a Follower of Okawaru.
             Slain by an ogre
             ... wielding a +0 giant spiked club
              (19 damage)
             ... on level 5 of the Dungeon.
             The game lasted 00:04:47 (5289 turns).

kae the Spear-Bearer (Merfolk Gladiator)            Turns: 5289, Time: 00:04:48

Health: -3/55      AC:  5    Str: 14    XL:     7   Next: 88%
Magic:  8/8        EV: 16    Int:  9    God:    Okawaru [*.....]
Gold:   250        SH:  0    Dex: 16    Spells: 6/6 levels left

rFire    . . .     SeeInvis +   a - +0 trident
rCold    . . .     Gourm    .   (no shield)
rNeg     . . .     Faith    .   b - +0 leather armour
rPois    .         Spirit   .   c - +1 helmet
rElec    .         Reflect  .   (no cloak)
rCorr    .         Harm     .   (no gloves)
MR       .....                  (no boots)
Stlth    +.........             (no amulet)
HPRegen  0.18/turn              g - ring of see invisible
MPRegen  0.11/turn              (no ring)

@: no status effects
A: change form in water, swift swim, stealthy swim
a: Heroism, Renounce Religion


You were on level 5 of the Dungeon.
You worshipped Okawaru.
Okawaru was aware of your devotion.
You were hungry.

You visited 2 branches of the dungeon, and saw 6 of its levels.

You collected 250 gold pieces.

Inventory:

Hand Weapons
 a - a +0 trident (weapon)
Missiles
 d - 3 throwing nets (quivered)
Armour
 b - a +0 leather armour (worn)
 c - a +1 helmet (worn)
Jewellery
 g - a ring of see invisible (left hand)
Scrolls
 j - 2 scrolls of amnesia
 k - 2 scrolls of identify
 m - a scroll of teleportation
 o - a scroll of remove curse
Potions
 e - 2 potions of curing
 h - 3 potions of flight
Comestibles
 f - 7 rations


   Skills:
 + Level 4.9 Fighting
 * Level 8.8 Polearms
 - Level 2.7 Throwing
 + Level 6.6 Dodging
 + Level 2.5 Invocations


You had 6 spell levels left.
You didn't know any spells.
Your spell library was empty.

Dungeon Overview and Level Annotations

Branches:
Dungeon (5/15)             Temple (1/1) D:4

Altars:
Dithmenos
Elyvilon
Gozag
Kikubaaqudgha
Makhleb
Okawaru
Qazlal
Ru
Sif Muna
Vehumet
Xom
Zin
The Shining One

Annotations:
D:3 2 transporters, Spirit's ghost, amateur MiBe


Message History

The orc closely misses you.
You puncture the orc!
You kill the orc!
Okawaru accepts your kill.
You hit the ogre but do no damage. The ogre barely misses you.
You hit the ogre.
The ogre is lightly wounded.
You hit the ogre but do no damage.
The ogre is lightly wounded.
The ogre closely misses you.
You hit the ogre.
The ogre is moderately wounded.
You hit the ogre but do no damage.
The ogre is moderately wounded.
The ogre hits you with a +0 giant spiked club!!
* * * LOW HITPOINT WARNING * * *
You puncture the ogre!
The ogre is heavily wounded.
The ogre hits you with a +0 giant spiked club!!
You die...

#####...##.#Z.........#..
#..#...######..#†##.....
#......##......#.#......
#....#........##.....#
##....###......##†#..##
#......#........#.#...#
#..............#......#
#.>.#........O.#.$....##.#.
##.##...(..)##@............
#...........###............
#..#.....##.)###...........
####...#.......)...........
#..#........##..........
#..##.......###..........
#...#.......#..........##
#..#....................
#.......###..........###
...


You could see an ogre.

Vanquished Creatures
  An ice beast (D:5)
  An ogre (D:5)
  A crimson imp (D:5)
  A bullfrog zombie (D:5)
  A jelly (D:1)
  3 orc priests (D:4)
  4 orc wizards
  3 worker ants
  8 adders
  A shadow imp (D:5)
  5 oozes
  3 adder skeletons
  5 worms
  4 dart slugs
  2 leopard geckos (D:2)
  15 orcs
  A ball python (D:4)
  5 giant cockroaches
  3 goblins
  13 hobgoblins
  4 jackals
  3 quokkas
  3 bats
  A frilled lizard (D:1)
  A giant cockroach zombie (D:5)
  8 kobolds
  14 rats
114 creatures vanquished.

Notes
Turn   | Place    | Note
-------+----------+-------------------------------------------
     0 | D:1      | kae the Merfolk Gladiator began the quest for the Orb.
     0 | D:1      | Reached XP level 1. HP: 16/16 MP: 1/1
     1 | D:1      | Found a runed translucent door.
     1 | D:1      | Noticed a jelly
   133 | D:1      | You fall through a shaft!
   229 | D:2      | Reached XP level 2. HP: 22/23 MP: 2/2
   269 | D:2      | Reached XP level 3. HP: 15/28 MP: 3/3
   554 | D:2      | Found a shimmering altar of Xom.
   868 | D:2      | Reached skill level 5 in Polearms
   925 | D:2      | Reached XP level 4. HP: 26/35 MP: 4/4
  1067 | D:2      | Found an opulent altar of Gozag.
  1683 | D:1      | Reached skill level 5 in Dodging
  1683 | D:1      | Reached XP level 5. HP: 31/41 MP: 5/5
  1702 | D:1      | Reached skill level 6 in Polearms
  2526 | D:3      | Found a transporter.
  2532 | D:3      | Noticed Spirit's ghost (amateur MiBe)
  2548 | D:3      | Found a glowing silver altar of Zin.
  2593 | D:3      | Found a transporter.
  3114 | D:4      | Found a sacrificial altar of Ru.
  3228 | D:4      | Reached XP level 6. HP: 37/48 MP: 6/6
  3444 | D:4      | Reached skill level 7 in Polearms
  3825 | D:4      | Found a staircase to the Ecumenical Temple.
  3873 | Temple   | Entered the Ecumenical Temple
  4077 | Temple   | Became a worshipper of Warmaster Okawaru
  4361 | D:4      | Reached skill level 1 in Invocations
  4556 | D:4      | Reached XP level 7. HP: 51/54 MP: 7/7
  4740 | D:5      | Entered Level 5 of the Dungeon
  5026 | D:5      | Reached skill level 8 in Polearms
  5083 | D:5      | Reached * piety under Okawaru
  5289 | D:5      | Slain by an ogre

Skill      XL: |  1  2  3  4  5  6  7 |
---------------+----------------------+-----
Polearms       | 5 6 7 8 |  8.8
Fighting       | 3 4 |  4.9
Dodging        | 5 6 |  6.6
Invocations    | 1 2 |  2.5
Throwing       | |  2.7

Action                   |  1- 3 |  4- 6 |  7- 9 || total
-------------------------+-------+-------+-------++-------
Melee: Trident           |    86 |   275 |   118 ||   479
  Use: Scroll            |     1 |     4 |     1 ||     6
       Potion            |       |     3 |     3 ||     6
 Stab: Sleeping          |       |     4 |       ||     4
       Invisible         |       |     7 |       ||     7
  Eat: Chunk             |       |     8 |     2 ||    10
       Ration            |       |     1 |       ||     1
Armor: Leather armour    |    11 |    31 |    19 ||    61
Dodge: Dodged            |    37 |   137 |    74 ||   248
